 Dungeon Crawl Stone Soup version 0.29-a0-559-g359e09b9d1 (webtiles) character file.

Game seed: 17165151540337589323

29 Meatmasher the Bolt Thrower (level 3, -10/30 HPs)
             Began as a Minotaur Hunter on June 9, 2022.
             Mangled by Terence
             ... wielding a +0 flail
              (11 damage)
             ... on level 2 of the Dungeon.
             The game lasted 00:06:36 (799 turns).

Meatmasher the Bolt Thrower (Minotaur Hunter)        Turns: 799, Time: 00:06:37

Health: -10/30     AC:  3    Str: 15    XL:     3   Next: 1%
Magic:  2/2        EV: 12    Int:  6    God:
Gold:   74         SH:  0    Dex: 15    Spells: 2/2 levels left

rFire   . . .      SeeInvis .   a - +1 hand crossbow
rCold   . . .      Faith    .   (no shield)
rNeg    . . .      Spirit   .   b - +0 leather armour
rPois   .          Reflect  .   (helmet restricted)
rElec   .          Harm     .   (no cloak)
rCorr   .          Rampage  .   (no gloves)
Will    .....                   (no boots)
Stlth   ++........              (no amulet)
HPRegen 0.10/turn               (no ring)
MPRegen 0.08/turn               (no ring)

@: no status effects
A: horns 2, retaliatory headbutt
a: no special abilities


You were on level 2 of the Dungeon.
You visited 1 branch of the dungeon, and saw 2 of its levels.

You collected 74 gold pieces.

Inventory:

Hand Weapons
 a - a +1 hand crossbow (weapon)
 d - a +0 dagger
 g - a +0 spear
 h - a +0 dagger
 o - a +0 dagger of venom
Missiles
 f - 51 stones
Armour
 b - a +0 leather armour (worn)
 q - a +0 buckler
Magical Staves
 e - a staff of cold
Jewellery
 p - a ring of ice
Scrolls
 c - a scroll of immolation
 j - 3 scrolls of identify {unknown}
 l - a scroll of vulnerability {unknown}
 m - 2 scrolls of teleportation {unknown}
Potions
 i - a potion of haste {unknown}
 k - a potion of attraction {unknown}
 n - a potion of heal wounds {unknown}


   Skills:
 + Level 2.4 Fighting
 * Level 0.4 Short Blades
 * Level 0.1 Polearms
 + Level 5.2 Crossbows
 - Level 2.2 Dodging
 * Level 1.0 Stealth


You had 2 spell levels left.
You didn't know any spells.
Your spell library was empty.

Dungeon Overview and Level Annotations

Branches:
Dungeon (2/15)

Altars:

Annotations:
D:2 Terence


Innate Abilities, Weirdness & Mutations

You have a pair of horns on your head.
You reflexively headbutt those who attack you in melee.


Message History

Found a runed dagger.
Terence the Incautious comes into view.
He is wielding a +0 flail.
Shoot: a) +1 hand crossbow
Press: ? - help, Q - select action, (/) - cycle Shift-Dir - straight line, f - Terence
Aim: Terence, wielding a +0 flail and wearing a +0 scale mail (asleep, 98% to hit)
You shoot a bolt. The bolt hits Terence.
Terence shouts!
Terence is lightly wounded.
Shoot: a) +1 hand crossbow
Press: ? - help, Q - select action, (/) - cycle Shift-Dir - straight line, f/p - Terence
Aim: Terence, wielding a +0 flail and wearing a +0 scale mail (lightly wounded, 68% to hit)
You shoot a bolt.
The bolt hits Terence but does no damage.
Terence is lightly wounded.
Shoot: a) +1 hand crossbow
Press: ? - help, Q - select action, (/) - cycle Shift-Dir - straight line, f/p - Terence
Aim: Terence, wielding a +0 flail and wearing a +0 scale mail (lightly wounded, 68% to hit)
You shoot a bolt. The bolt closely misses Terence.
Terence screams, "I want your blood!"
Terence screams, "I'm going to kill you!"
Shoot: a) +1 hand crossbow
Press: ? - help, Q - select action, (/) - cycle Shift-Dir - straight line, f/p - Terence
Aim: Terence, wielding a +0 flail and wearing a +0 scale mail (lightly wounded, 68% to hit)
You shoot a bolt. The bolt barely misses Terence.
Terence drinks a potion.
Terence seems to grow stronger.
Terence shouts, "Get ready for death!"
You see here 2 metallic green potions.
Terence shouts, "ATTACK!!!"
A giant cockroach comes into view.
Found 9 gold pieces.
A goblin comes into view. It is wielding a +0 dagger.
Terence hits you with a +0 flail!
Ouch! That really hurt!
The giant cockroach barely misses you. Terence attacks as you move away!
Terence hits you with a +0 flail!
Ouch! That really hurt!
* * * LOW HITPOINT WARNING * * *
Terence screams, "I want your blood!" Terence attacks as you move away!
Terence hits you with a +0 flail!
You die...

...#.#### ..#..
........### #..#.#
..........###....###
###..##..>......... .
#....!.........#####..
#.####..............#.
#)# ###..............
###.######.....@......#
...............B@.....#
###.####..........$...#
#..###................
####>...<........#######
#.............##.#
#.....##.......#..#
.....###.......#..#
###### #...........
##.......##..


You could see Terence (strong) and a giant cockroach.

Vanquished Creatures
  A worm (D:2)
  A bat (D:1)
  4 endoplasms (D:1)
  A giant cockroach (D:2)
  6 hobgoblins
  2 kobolds (D:2)
  A quokka (D:1)
  A ball python (D:1)
  A frilled lizard (D:1)
  2 goblins (D:1)
  2 rats (D:1)
22 creatures vanquished.

Notes
Turn   | Place    | Note
-------+----------+-------------------------------------------
     0 | D:1      | Meatmasher the Minotaur Hunter began the quest for the Orb.
     0 | D:1      | Reached XP level 1. HP: 18/18 MP: 0/0
   333 | D:1      | Reached XP level 2. HP: 25/25 MP: 1/1
   393 | D:1      | Reached skill level 5 in Crossbows
   701 | D:2      | Reached skill level 1 in Stealth
   757 | D:2      | Reached XP level 3. HP: 30/30 MP: 2/2
   764 | D:2      | Noticed Terence
   798 | D:2      | HP: 1/30 [Terence/+0 flail (15)]
   799 | D:2      | Mangled by Terence

Illustrated notes

Levels and vault maps discovered:
D:1:      ebering_hopf_link, layout_basic
D:2:      minmay_wonky_spiral, layout_rooms, uniq_terence

Skill      XL: |  1  2 |
---------------+-------+-----
Crossbows      | 5 |  5.2
Stealth        | 1 |  1.0
Fighting       | |  2.4
Short Blades   | |  0.4
Polearms       | |  0.1
Dodging        | |  2.2

Action                   || total
-------------------------++-------
Melee: Dagger            ||     5
 Fire: Hand crossbow     ||    51
Armor: Leather armour    ||     2
Dodge: Dodged            ||     7

Table legend: (Time is in decaauts)
 A = Elapsed time spent in this place.
 B = Non-inter-level travel time spent in this place.
 C = Inter-level travel time spent in this place.
 D = Time resting spent in this place.
 E = Time spent auto-exploring this place.
 F = Levels seen in this place.
 G = Mean time per level.
                   A        B        C        D        E       F      G
               +--------+--------+--------+--------+--------+-----+--------+
         Total |    811 |    426 |    385 |      0 |    235 |   2 |  405.5 |
       Dungeon |    811 |    426 |    385 |      0 |    235 |   2 |  405.5 |
               +--------+--------+--------+--------+--------+-----+--------+

Top non-repeatable levels by time:
     D:1: 619 daAuts
     D:2: 191 daAuts
